 Dungeon Crawl Stone Soup version 0.29-a0-330-g52719c12eb (webtiles) character file.

Game seed: 17207378564497580292

22 Barriton the Caller (level 2, 0/11 HPs)
             Began as a Felid Summoner on May 20, 2022.
             Frozen to death by an endoplasm (2 damage)
             ... on level 2 of the Dungeon.
             The game lasted 00:03:43 (1502 turns).

Barriton the Caller (Felid Summoner)                Turns: 1502, Time: 00:03:43

Health: 0/11       AC:  1    Str:  4    XL:     2   Next: 68%
Magic:  2/6        EV: 17    Int: 16    God:
Gold:   52         SH:  0    Dex: 16    Spells: 2/5 levels left
                                        Lives:  0   Deaths: 0

rFire   . . .      SeeInvis +   (weapon unavailable)
rCold   . . .      Faith    .   (shield unavailable)
rNeg    . . .      Spirit   .   (body armour unavailable)
rPois   .          Reflect  .   (helmet unavailable)
rElec   .          Harm     .   (cloak unavailable)
rCorr   .          Rampage  .   (gloves unavailable)
Will    .....                   (boots unavailable)
Stlth   ++........              (no amulet)
HPRegen 0.03/turn               (no ring)
MPRegen 0.10/turn               (no ring)

@: quick
A: very small, claws 1, fangs 3, see invisible, speed 1, shaggy fur 1, stealthy
paws, no weapons or thrown items, no armour, multi-lived
a: no special abilities


You were on level 2 of the Dungeon.
You visited 1 branch of the dungeon, and saw 2 of its levels.

You collected 52 gold pieces.

Inventory:

Scrolls
 b - a scroll of vulnerability {unknown}
 c - a scroll of summoning {unknown}
 d - a scroll of identify {unknown}
 g - a scroll of teleportation {unknown}
 h - a scroll of blinking {unknown}
Potions
 a - a potion of magic
 e - a potion of curing {unknown}
 f - a potion of mutation {unknown}


   Skills:
 + Level 2.8 Dodging
 + Level 3.2 Stealth
 + Level 0.4 Unarmed Combat
 + Level 2.2 Spellcasting
 * Level 4.4 Summonings


You had 2 spell levels left.
You knew the following spells:

 Your Spells              Type           Power      Damage    Failure   Level
a - Summon Small Mammal   Summ           60%        N/A       3%          1
b - Call Imp              Summ           15%        N/A       4%          2

Your spell library contained the following spells:

 Spells                   Type           Power      Damage    Failure   Level
 Call Canine Familiar     Summ           15%        N/A       10%         3
 Summon Guardian Golem    Hex/Summ       8%         N/A       24%         3
 Summon Lightning Spire   Summ/Air       8%         N/A       63%         4


Dungeon Overview and Level Annotations

Branches:
Dungeon (2/15)

Altars:


Innate Abilities, Weirdness & Mutations

You have sharp claws.
You have razor-sharp teeth.
You have supernaturally acute eyesight. (SInv)
You cover ground quickly. (Speed+)
You are covered in fur. (AC +1)
Your paws help you pounce on unaware monsters.
You are incapable of wielding weapons or throwing items.
You cannot wear armour.
You gain extra lives every three experience levels.


Message History

The endoplasm quivers.
Casting: Call Imp (safe; 4% risk of failure)
Confirm with . or Enter, or press ? or * to list all spells.
You miscast Summon Small Mammal.
You are very lightly contaminated with residual magic.
Nothing appears to happen.
The hobgoblin closely misses you.
Your shadow imp closely misses the hobgoblin.
You scratch the hobgoblin.
The hobgoblin is heavily wounded.
The hobgoblin hits you.
Your shadow imp hits the hobgoblin.
You scratch the hobgoblin but do no damage.
The hobgoblin is severely wounded.
The giant cockroach barely misses you. The hobgoblin closely misses you.
Your shadow imp hits the hobgoblin.
You completely miss the hobgoblin. Your bite misses the hobgoblin.
The hobgoblin is almost dead.
The giant cockroach misses you. The hobgoblin misses you.
Your shadow imp hits the hobgoblin.
The hobgoblin dies!
The giant cockroach bites you. The endoplasm completely misses you.
You see here Ozocubu's Autobiography.
You barely miss the endoplasm.
Your shadow imp barely misses the giant cockroach.
The giant cockroach bites you. The endoplasm freezes you.
You are frozen.
* * * LOW HITPOINT WARNING * * *
You scratch the endoplasm.
The endoplasm is lightly wounded.
The giant cockroach misses you.
Your shadow imp closely misses the giant cockroach.
The endoplasm closely misses you. The giant cockroach misses you.
Your magical contamination has completely faded away.
Your shadow imp closely misses the giant cockroach.
The giant cockroach barely misses you.
Your shadow imp barely misses the giant cockroach.
The giant cockroach barely misses you. The endoplasm freezes you.
You are frozen.
You die...

..... ... .# ## #....
#.### ##.# .#.. ..#.#
#=..# #..#
....###...####..#####.#
..... .........†......#
#.... ....###.#......#
#...## #.##..##.....#
.#..#..###....###....[#
.......:5B@....##.....#
.##......J...#.....(..#
........######...######
........######...#####
......#.##...#...#...#
......####.<.#...#.>.#
....## #...#...#...#
....
#####...#...#[^.####
#...................


You could see an endoplasm, a giant cockroach (ally target) and a friendly
shadow imp (summoned).

Vanquished Creatures
  2 bats (D:1)
  A giant cockroach (D:2)
  A goblin (D:1)
  2 hobgoblins (D:1)
  A quokka (D:1)
  2 kobolds (D:1)
  4 rats (D:1)
13 creatures vanquished.

Vanquished Creatures (collateral kills)
  2 ball pythons
  An endoplasm (D:1)
  2 hobgoblins
  A bat (D:1)
  A kobold (D:1)
  A rat (D:1)
8 creatures vanquished.

Grand Total: 21 creatures vanquished

Notes
Turn   | Place    | Note
-------+----------+-------------------------------------------
     0 | D:1      | Barriton the Felid Summoner began the quest for the Orb.
     0 | D:1      | Reached XP level 1. HP: 7/7 MP: 4/4
   189 | D:1      | Reached XP level 2. HP: 8/11 MP: 3/6
   500 | D:1      | Learned a level 2 spell: Call Imp
  1502 | D:2      | Frozen to death by an endoplasm

Illustrated notes

Levels and vault maps discovered:
D:1:      amcnicky_arrival_blooded_trapdoor, layout_basic
D:2:      layout_rooms, ebering_ecumenical_altar_mist,
          nicolae_elevator_lobby_plus

Skill      XL: |  1 |
---------------+----+-----
Stealth        | 3 |  3.2
Dodging        | |  2.8
Unarmed Combat | |  0.4
Spellcasting   | |  2.2
Summonings     | |  4.4

Action                   || total
-------------------------++-------
Melee: Unarmed           ||    26
       Bite              ||     2
 Cast: Summon Small Mamm ||    19
       Call Imp          ||     8
 Stab: Sleeping          ||     6
Armor: Skin              ||     4
Dodge: Dodged            ||    50

Table legend: (Time is in decaauts)
 A = Elapsed time spent in this place.
 B = Non-inter-level travel time spent in this place.
 C = Inter-level travel time spent in this place.
 D = Time resting spent in this place.
 E = Time spent auto-exploring this place.
 F = Levels seen in this place.
 G = Mean time per level.
                   A        B        C        D        E       F      G
               +--------+--------+--------+--------+--------+-----+--------+
         Total |   1330 |   1314 |     16 |      0 |   1081 |   2 |  665.0 |
       Dungeon |   1330 |   1314 |     16 |      0 |   1081 |   2 |  665.0 |
               +--------+--------+--------+--------+--------+-----+--------+

Top non-repeatable levels by time:
     D:1: 1223 daAuts
     D:2: 107 daAuts
